 Dungeon Crawl Stone Soup version 0.24-a0-584-g9d6b971ae4 (webtiles) character file.

Game seed: 9951821803383118222, levelgen mode: deterministic

42 Kaage the Skirmisher (level 3, -2/33 HPs)
             Began as a Hill Orc Fighter on Aug 31, 2019.
             Slain by an adder (3 damage)
             ... on level 1 of the Dungeon.
             The game lasted 00:07:34 (957 turns).

Kaage the Skirmisher (Hill Orc Fighter)              Turns: 957, Time: 00:07:35

Health: -2/33      AC:  8    Str: 19    XL:     3   Next: 56%
Magic:  3/3        EV:  7    Int:  8    God:
Gold:   13         SH:  9    Dex: 10    Spells: 2/2 levels left

rFire    . . .     SeeInvis .   a - +0 war axe
rCold    . . .     Gourm    .   c - +0 shield
rNeg     . . .     Faith    .   b - +0 scale mail
rPois    .         Spirit   .   m - +0 helmet
rElec    .         Reflect  .   j - scarf {cloud immunity}
rCorr    .         Harm     .   (no gloves)
MR       .....                  (no boots)
Stlth    ..........             (no amulet)
HPRegen  0.11/turn              (no ring)
MPRegen  0.08/turn              (no ring)

@: lethally poisoned (-2 -> -4)
A: no striking features
a: no special abilities


You were on level 1 of the Dungeon.
You were not hungry.

You visited 1 branch of the dungeon, and saw 2 of its levels.

You collected 13 gold pieces.

Inventory:

Hand Weapons
 a - a +0 war axe (weapon)
Armour
 b - a +0 scale mail (worn)
 c - a +0 shield (worn)
 j - a scarf of cloud immunity (worn)
 m - a +0 helmet (worn)
Scrolls
 e - a scroll of teleportation {unknown}
 g - 2 scrolls of remove curse {unknown}
 h - a scroll of amnesia {unknown}
 k - a scroll of enchant weapon {unknown}
Potions
 d - a potion of might
 i - a potion of lignification
 l - a potion of degeneration {unknown}
Comestibles
 f - 2 rations


   Skills:
 + Level 4.2 Fighting
 + Level 3.6 Axes
 + Level 3.5 Armour
 + Level 0.1 Dodging
 + Level 3.7 Shields


You had 2 spell levels left.
You didn't know any spells.
Your spell library was empty.

Dungeon Overview and Level Annotations

Branches:
Dungeon (2/15)

Altars:


Message History

The adder closely misses you.
You closely miss the adder.
The adder is heavily wounded.
* * * LOW HITPOINT WARNING * * *
You feel sick. You block the adder's attack.
The adder bites you but does no damage.
You closely miss the adder.
The adder is heavily wounded.
The adder bites you but does no damage. You block the adder's attack.
You barely miss the adder.
The adder is heavily wounded.
The adder barely misses you. The adder bites you but does no damage.
You miss the adder.
The adder is heavily wounded.
* * * LOW HITPOINT WARNING * * *
You feel sick. The adder barely misses you. You block the adder's attack.
You closely miss the adder.
The adder is heavily wounded.
The adder bites you.
You die...

.##....# #.# .##....# #.#
.##....#######.#
.##..........#.#
.##....#####.#.##########
.##....#.....#.....).†..#
.......#.##..#########.##
.##..#.#.##..##### #.#
.(..............@# #.#
.##..)....#..###S# #.#
.##...##.##.)# #.# #.#
.##......##..# #.# #.#
[†.......##..# #.# #.#
#.#...##.##..# #.# #.#
#............# #.# #.#
##.#.###.###.# #.# #.#
#.#.# #.# #.# #.# #.#


You could see an adder.

Vanquished Creatures
  2 dart slugs (D:1)
  3 leopard geckos (D:1)
  2 bats (D:1)
  3 giant cockroaches (D:1)
  2 goblins (D:1)
  5 hobgoblins (D:1)
  3 jackals (D:1)
  5 kobolds (D:1)
  A ball python (D:1)
  3 frilled lizards (D:1)
  3 rats (D:1)
32 creatures vanquished.

Notes
Turn   | Place    | Note
-------+----------+-------------------------------------------
     0 | D:1      | Kaage the Hill Orc Fighter began the quest for the Orb.
     0 | D:1      | Reached XP level 1. HP: 19/19 MP: 1/1
    88 | D:1      | Reached skill level 4 in Fighting
    88 | D:1      | Reached XP level 2. HP: 27/27 MP: 2/2
   328 | D:1      | Reached XP level 3. HP: 7/33 MP: 3/3
   953 | D:1      | HP: 1/33 [poisoned by an adder]
   957 | D:1      | Slain by an adder

Levels and vault maps discovered:
D:1:      wander_arrival_estate, layout_basic, minmay_misc_feat_pillars
D:2:      layout_basic, first_ration, uniq_sigmund

Skill      XL: |  1  2 |
---------------+-------+-----
Fighting       | 4 |  4.2
Axes           | 3 |  3.6
Armour         | |  3.5
Dodging        | |  0.1
Shields        | |  3.7

Action                   || total
-------------------------++-------
Melee: War axe           ||   114
  Use: Potion            ||     1
Armor: Scale mail        ||    67
Dodge: Dodged            ||    26
Block: Shield            ||    44

Table legend:
 A = Non-vault XP
 B = Vault XP
 C = Vault XP percentage of total XP
 D = Non-vault monster count
 E = Vault monster count
 F = Vault count percentage of total count
                 A         B        C        D         E       F
            +---------+---------+-------+---------+---------+-------
      Total |      61 |       0 |   0.0 |      32 |       0 |   0.0
            +---------+---------+-------+---------+---------+-------
        D:1 |      61 |       0 |   0.0 |      32 |       0 |   0.0
            +---------+---------+-------+---------+---------+-------
